AoeStats
← jmsuarezm1980

Oasis

509660494Analyzed
2v2 RM · 4d ago on Sep 27, 2026· 44m 51s· 4 players
Game mode
Random Map
Map size
Medium (4 player)
Population
200
Speed
Normal
Resources
Standard
Victory
Conquest
Starting age
Dark Age
Ending age
Imperial Age
RankedLock teamsTeams togetherTeam positionsShared explorationLock speedFull tech treeHidden civsTurbo modeCheats
Victory
Defeat
🇺🇸 Goths · United States
657
+14
🇺🇸 Magyars · United States
656
+14
🇪🇸 Koreans · Spain
637
-29
🇪🇸 Hindustanis · Spain
602
-14
floky_loky_666
13:42 Feudal Age
18:11 Double-Bit Axe
19:00 Horse Collar
20:53 Wheelbarrow
26:42 Castle Age
24:34 Man-at-Arms
25:37 Fletching
25:53 Scale Barding Armor
25:49 Scale Mail Armor
27:05 Loom
27:06 Town Watch
27:56 Chain Barding Armor
27:46 Husbandry
27:07 Light Cavalry
28:06 Forging
28:54 Chain Mail Armor
28:35 Bodkin Arrow
30:27 Iron Casting
29:21 Long Swordsman
29:22 Pikeman
30:03 Squires
29:49 Arson
jmsuarezm1980
11:23 Feudal Age
11:54 Double-Bit Axe
11:57 Horse Collar
23:01 Castle Age
22:42 Forging
22:39 Scale Barding Armor
23:37 Wheelbarrow
23:08 Gold Mining
23:11 Stone Mining
23:56 Bow Saw
23:49 Heavy Plow
24:55 Town Watch
27:39 Iron Casting
29:19 Fletching
34:15 Imperial Age
34:10 Hand Cart
33:56 Town Patrol
35:03 Stone Shaft Mining
34:09 Pikeman
37:16 Ballistics
36:52 Murder Holes
37:28 Bodkin Arrow
40:17 Bracer
39:55 Heavy Camel Rider
40:46 Bloodlines
40:42 Squires
41:06 Chain Barding Armor
44:28 Blast Furnace
44:04 Plate Barding Armor
EnticingPrune44
0:29 Loom
16:15 Feudal Age
16:38 Man-at-Arms
17:33 Horse Collar
17:43 Double-Bit Axe
18:29 Arson
19:53 Bloodlines
21:17 Wheelbarrow
24:33 Scale Barding Armor
24:29 Scale Mail Armor
24:38 Scale Barding Armor
28:11 Castle Age
28:39 Light Cavalry
29:24 Husbandry
30:20 Chain Barding Armor
31:11 Hand Cart
32:15 Corvinian Army
32:21 Heavy Plow
32:59 Bow Saw
34:30 Chain Mail Armor
34:23 Gold Mining
36:13 Pikeman
38:13 Gold Shaft Mining
44:12 Imperial Age
44:05 Ballistics
44:06 Masonry
45:46 Conscription
13rian
1:40 Loom
12:50 Feudal Age
13:21 Horse Collar
13:29 Double-Bit Axe
14:27 Wheelbarrow
15:15 Stone Mining
16:07 Town Watch
16:16 Gold Mining
23:41 Castle Age
23:47 Forging
23:39 Scale Mail Armor
25:08 Squires
24:29 Pikeman
24:32 Elite Skirmisher
25:35 Bow Saw
25:32 Heavy Plow
28:23 Iron Casting
28:24 Chain Mail Armor
29:28 Hand Cart
35:25 Imperial Age
35:39 Halberdier
37:46 Two-Man Saw
37:20 Crop Rotation
38:15 Stone Shaft Mining
38:43 Blast Furnace
37:35 Fletching
38:08 Padded Archer Armor
40:11 Conscription
39:58 Perfusion
39:36 Man-at-Arms
40:52 Long Swordsman
41:59 Two-Handed Swordsman
43:06 Bodkin Arrow
43:27 Leather Archer Armor
44:17 Chemistry
43:38 Ballistics
43:14 Murder Holes
43:31 Masonry
44:13 Champion
Connection lost

Rejoining the realm…

Still unreachable

The connection could not be restored.

Session expired

The server has moved on; the page needs a fresh start.